AoeStats
← Bluechecker

Arabia

510807754Analyzed
1v1 RM · 15h ago on Oct 2, 2026· 63m 49s· 2 players
Game mode
Random Map
Map size
Tiny (2 player)
Population
200
Speed
Normal
Resources
Standard
Victory
Conquest
Starting age
Dark Age
Ending age
Imperial Age
RankedLock teamsTeams togetherTeam positionsShared explorationLock speedFull tech treeHidden civsTurbo modeCheats
Victory
Defeat
🇳🇿 Armenians · New Zealand
758
+18
🇮🇳 Burmese · India
793
-18
Bluechecker
8:00 Loom
10:21 Feudal Age
11:26 Double-Bit Axe
11:25 Horse Collar
14:45 Man-at-Arms
17:29 Long Swordsman
20:10 Scale Mail Armor
23:44 Forging
23:26 Fletching
27:19 Gold Mining
30:30 Castle Age
29:38 Pikeman
31:04 Arson
31:33 Squires
30:54 Two-Handed Swordsman
31:32 Gambesons
32:22 Halberdier
37:34 Champion
44:16 Chain Mail Armor
44:37 Iron Casting
43:59 Bodkin Arrow
47:26 Town Watch
48:17 Wheelbarrow
54:20 Imperial Age
52:24 Hand Cart
54:41 Capped Ram
55:39 Town Patrol
56:51 Bow Saw
56:52 Heavy Plow
56:28 Elite Skirmisher
57:14 Padded Archer Armor
57:16 Bracer
58:16 Fereters
58:43 Conscription
62:47 Hoardings
63:09 Plate Mail Armor
63:40 Blast Furnace
62:57 Leather Archer Armor
63:07 Ballistics
62:58 Masonry
63:50 Chemistry
63:05 Masonry
62:51 Murder Holes
raghu123six
10:23 Feudal Age
8:57 Loom
12:13 Forging
12:04 Scale Mail Armor
12:34 Man-at-Arms
13:50 Horse Collar
22:24 Castle Age
20:30 Arson
21:17 Gold Mining
21:17 Stone Mining
21:30 Stone Mining
23:38 Gambesons
26:08 Bloodlines
25:58 Husbandry
29:38 Heavy Plow
34:14 Iron Casting
34:53 Chain Mail Armor
34:01 Long Swordsman
34:42 Squires
41:00 Fletching
41:10 Padded Archer Armor
42:36 Wheelbarrow
46:06 Bodkin Arrow
46:11 Padded Archer Armor
46:54 Ballistics
49:38 Imperial Age
51:51 Hand Cart
51:22 Town Watch
51:20 Two-Handed Swordsman
52:01 Squires
54:47 Masonry
57:24 Husbandry
59:41 Blast Furnace
60:25 Manipur Cavalry
60:29 Howdah
60:49 Conscription
60:54 Redemption
61:02 Redemption
61:51 Crop Rotation
60:46 Cavalier
61:51 Town Patrol
Connection lost

Rejoining the realm…

Still unreachable

The connection could not be restored.

Session expired

The server has moved on; the page needs a fresh start.